 Dungeon Crawl Stone Soup version 0.32-a0-597-g8e3e136d6a (webtiles) character file.

Game seed: 810963598980046688

142 dolemite99 the Chopper (level 5, -3/38 HPs)
             Began as a Coglin Gladiator on Mar 2, 2024.
             Slain by a gnoll bouda
             ... wielding a +0 whip
              (10 damage)
             ... on level 4 of the Dungeon.
             The game lasted 00:02:45 (3331 turns).

dolemite99 the Chopper (Coglin Gladiator)           Turns: 3331, Time: 00:02:45

Health: -3/38      AC: 12    Str: 18    XL:     5   Next: 25%
Magic:  5/5        EV: 11    Int:  8    God:
Gold:   111        SH:  0    Dex: 15    Spells: 4/4 levels left

rFire   . . .        a - +0 war axe {Fatehjeet}
rCold   . . .        l - +2 short sword (venom) {Etsuko}
rNeg    . . .        m - +0 ring mail
rPois   .            c - +0 helmet
rElec   .            h - +0 cloak
rCorr   .            (no gloves)
SInv    .            n - +4 pair of boots "Ydonoew" {Str+2 Stlth+}
Will    .....        (amulet unavailable)
Stlth   ++           (ring unavailable)
HPRegen 0.26/turn    (ring unavailable)
MPRegen 0.09/turn    (no gizmo)

%: no passive effects
@: weakened
A: off-hand wielding, slow wielding, warmup strikes, no jewellery
a: Invent Gizmo


You were on level 4 of the Dungeon.
You visited 1 branch of the dungeon, and saw 4 of its levels.

You collected 111 gold pieces.

Inventory:

Hand Weapons
 a - a +0 war axe (weapon) {Fatehjeet}
 f - a +0 dagger {Ajinder}
 l - a +2 short sword of venom (offhand) {Etsuko}
Missiles
 d - 3 throwing nets (quivered)
 e - a javelin
 g - 3 silver javelins
 k - 10 poisoned darts
Armour
 b - a +0 leather armour
 c - a +0 helmet (worn)
 h - a +0 cloak (worn)
 m - a +0 ring mail (worn)
 n - the +4 pair of boots "Ydonoew" (worn) {Str+2 Stlth+}
   (You found it on level 2 of the Dungeon)

   Str+2:     It affects your strength (+2).
   Stlth+:    It makes you more stealthy.
Scrolls
 i - 4 scrolls of teleportation
 o - a scroll of fog {unknown}
 q - a scroll of fear
Potions
 j - a potion of enlightenment
 p - a potion of cancellation {unknown}
 t - a potion of invisibility {unknown}


   Skills:
 - Level 2.0 Fighting
 + Level 5.8 Axes
 - Level 1.7 Throwing
 - Level 2.6 Dodging


You had 4 spell levels left.
You didn't know any spells.
Your spell library contained the following spells:

 Spells                   Type           Power      Damage    Failure   Level
 Foxfire                  Conj/Fire      0%         2x1d4     61%         1
 Tukima's Dance           Hex            0%         N/A       93%         3
 Cause Fear               Hex            0%         N/A       100%        4
 Passage of Golubria      Tloc           0%         N/A       100%        4
 Fireball                 Conj/Fire      0%         3d3       100%        5
 Yara's Violent Unravell  Hex/Alch       0%         3d3       100%        5
 Plasma Beam              Fire/Air       0%         2x1d10    100%        6
 Starburst                Conj/Fire      0%         6d3       100%        6
 Dragon's Call            Summ           0%         N/A       100%        9


Dungeon Overview and Level Annotations

Branches:
Dungeon (4/15)
 Temple: D:4-7

Altars:

Annotations:
D:1 2 transporters


Innate Abilities, Weirdness & Mutations

You can wield a second weapon in your off-hand.
It takes a long time for you to wield or remove held weapons.
Your first few attacks do less damage.
You cannot equip rings or amulets.


Message History

A gnoll comes into view. It is wielding a +0 spear.
You see here a throwing net.
You are held in a net!
You tear a large gash into the net.
A gnoll bouda comes into view. It is wielding a +0 whip.
The gnoll barely misses you.
The gnoll hits you from afar with a +0 spear!
You struggle against the net.
The gnoll bouda shouts!
The gnoll shouts!
You hear a shout!
The gnoll hits you from afar with a +2 vampiric halberd!
The gnoll hits you but does no damage.
You rip the net and break free!
The gnoll bouda barks out a call to the hunt!
The gnoll bouda picks up the pace!
The gnoll hits you from afar with a +2 vampiric halberd.
The gnoll closely misses you. The gnoll closely misses you.
The gnoll barely misses you.
The gnoll bouda gazes fiercely through you!
You feel your attacks grow feeble.
You hear a shout!
A scorpion comes into view.
The gnoll bouda hits you with a +0 whip.
The gnoll misses you. The gnoll closely misses you.
The gnoll bouda barks out a call to the hunt!
The gnoll bouda picks up the pace!
The gnoll bouda attacks as it pursues you!
The gnoll bouda hits you with a +0 whip.
The gnoll hits you from afar with a +0 spear.
* * * LOW HITPOINT WARNING * * *
You hear a shout!
The gnoll hits you with a +0 club.
* * * LOW HITPOINT WARNING * * *
The gnoll bouda attacks as it pursues you!
The gnoll bouda barely misses you. The gnoll hits you but does no damage.
The gnoll misses you. The gnoll attacks as it pursues you!
The gnoll hits you from afar with a +0 spear.
* * * LOW HITPOINT WARNING * * *
The gnoll bouda hits you with a +0 whip!
You die...

#### ...# ##.#.## ... .
##.....##... ...#..........
...##........ .
#..........# .#
#.......g..##.#
......g.gg....##.....##
........gg@...........#
..>..........<.s......#####
.............##.........#..
.......##..#...............
....#..###.###...#......#..
...##..#....##...#..#.#....
... #..#....)##........#..#
.. ...............#..#..##
..#...........###.).....


You could see 2 gnoll boudas, a scorpion and 4 gnolls.

Vanquished Creatures
  An orc priest (D:3)
  A sleepcap (D:4)
  A gnoll (D:1)
  An adder (D:3)
  3 dart slugs
  A ribbon worm (D:3)
  5 orcs
  5 ball pythons
  4 bats
  2 endoplasms (D:1)
  A giant cockroach (D:3)
  6 goblins
  3 hobgoblins
  3 quokkas
  5 frilled lizards
  8 kobolds
  4 rats
54 creatures vanquished.

Notes
Turn   | Place    | Note
-------+----------+-------------------------------------------
     0 | D:1      | dolemite99 the Coglin Gladiator began the quest for the
                  | Orb.
     0 | D:1      | Reached XP level 1. HP: 16/16 MP: 1/1
   110 | D:1      | Reached XP level 2. HP: 10/22 MP: 2/2
   208 | D:1      | Reached skill level 4 in Axes
   293 | D:1      | Reached XP level 3. HP: 27/27 MP: 3/3
   874 | D:2      | Identified the +4 pair of boots "Ydonoew" {Str+2 Stlth+}
  2215 | D:3      | Reached XP level 4. HP: 29/33 MP: 4/4
  2649 | D:3      | Reached skill level 5 in Axes
  3302 | D:4      | Reached XP level 5. HP: 38/38 MP: 5/5
  3331 | D:4      | Slain by a gnoll bouda

Illustrated notes

Levels and vault maps discovered:
D:1:      spicycebolla_arrival_transporter_tutorial, layout_basic
D:2:      layout_basic, nrook_campfire, chequers_mini_garden
D:3:      layout_loops_corners
D:4:      layout_cave_pools

Skill      XL: |  1  2  3  4 |
---------------+-------------+-----
Axes           | 4 5 |  5.8
Fighting       | |  2.0
Throwing       | |  1.7
Dodging        | |  2.6

Action                     |  1- 3 |  4- 6 || total
---------------------------+-------+-------++-------
  Melee: Dagger            |    37 |       ||    37
         War axe           |    65 |    24 ||    89
         Short sword       |    25 |    24 ||    49
    Use: Scroll            |     6 |       ||     6
   Stab: Sleeping          |     2 |       ||     2
 Armour: Leather armour    |    33 |       ||    33
         Ring mail         |    18 |    23 ||    41
  Dodge: Dodged            |    51 |    26 ||    77

Table legend: (Time is in decaauts)
 A = Elapsed time spent in this place.
 B = Non-inter-level travel time spent in this place.
 C = Inter-level travel time spent in this place.
 D = Time resting spent in this place.
 E = Time spent auto-exploring this place.
 F = Levels seen in this place.
 G = Mean time per level.
                   A        B        C        D        E       F      G
               +--------+--------+--------+--------+--------+-----+--------+
         Total |   3345 |   3289 |     56 |    796 |   1984 |   4 |  836.2 |
       Dungeon |   3345 |   3289 |     56 |    796 |   1984 |   4 |  836.2 |
               +--------+--------+--------+--------+--------+-----+--------+

Top non-repeatable levels by time:
     D:3: 1432 daAuts
     D:2: 1031 daAuts
     D:1: 847 daAuts
     D:4: 34 daAuts
